 Dungeon Crawl Stone Soup version 0.30.0-10-gfe55d96785 (webtiles) character file.

Game seed: 5851313171271778819

7249 cheesebisquit the Fighter (level 10, -2/89 HPs)
             Began as a Yellow Draconian Fire Elementalist on May 14, 2023.
             Was a Believer of Vehumet.
             Hit by a large rock thrown by a cyclops (12 damage)
             ... on level 11 of the Dungeon.
             The game lasted 00:51:09 (13848 turns).

cheesebisquit the Fighter (DrFE)                   Turns: 13848, Time: 00:51:10

Health: -2/89      AC: 13    Str: 12    XL:     10   Next: 88%
Magic:  2/16       EV: 19    Int: 25    God:    Vehumet [**....]
Gold:   654        SH:  5    Dex: 11    Spells: 3/17 levels left

rFire   . . .        o - +2 trident (protect)
rCold   . . .        y - +0 buckler
rNeg    . . .        (body armour unavailable)
rPois   .            (helmet restricted)
rElec   .            x - +2 cloak
rCorr   +            (no gloves)
SInv    .            D - +2 pair of boots
Will    .....        (no amulet)
Stlth   +++          O - +6 ring of intelligence
HPRegen 0.34/turn    E - +5 ring of evasion
MPRegen 0.15/turn

%: no passive effects
@: no status effects
A: spit acid, AC +7, unfitting armour, cold-blooded, acid resistance
a: Breathe Acid, Renounce Religion


You were on level 11 of the Dungeon.
You worshipped Vehumet.
Vehumet was pleased with you.
You visited 2 branches of the dungeon, and saw 12 of its levels.
You also visited: Sewer.

You collected 654 gold pieces.

Inventory:

Hand Weapons
 a - a +0 hand axe of flaming
 c - a +0 dagger
 o - a +2 trident of protection (weapon)
 A - a +2 dagger of flaming
 C - a +1 spear of freezing
 L - a +2 morningstar of protection
Missiles
 f - 6 throwing nets
 n - 7 boomerangs
 N - 9 poisoned darts
 P - a curare-tipped dart
Armour
 x - a +2 cloak (worn)
 y - a +0 buckler (worn)
 D - a +2 pair of boots (worn)
 H - a +0 kite shield
Jewellery
 k - a ring of poison resistance
 E - a +5 ring of evasion (right hand)
 O - a +6 ring of intelligence (left hand)
 Q - a ring of protection from fire
Wands
 s - a wand of polymorph (12)
 v - a wand of roots (6)
 w - a wand of mindburst (18)
 G - a wand of flame (40)
 I - a wand of light (12)
Scrolls
 b - 8 scrolls of teleportation
 d - 2 scrolls of magic mapping
 l - 3 scrolls of brand weapon
 p - 3 scrolls of vulnerability
 q - a scroll of fear
 r - 2 scrolls of blinking
 K - a scroll of fog {unknown}
 M - a scroll of noise {unknown}
Potions
 e - 5 potions of heal wounds
 g - 4 potions of degeneration
 h - 3 potions of lignification
 i - 7 potions of curing
 j - a potion of berserk rage
 m - 2 potions of might
 t - a potion of attraction
 u - a potion of mutation {unknown}
 z - 6 potions of haste
 B - a potion of flight
 F - 3 potions of brilliance {unknown}
 J - 3 potions of resistance


   Skills:
 - Level 8.3 Fighting
 - Level 6.5 Polearms
 - Level 7.3 Dodging
 - Level 5.0 Stealth
 - Level 5.0 Shields
 - Level 4.0 Spellcasting
 + Level 7.4 Conjurations
 - Level 3.1 Fire Magic


You had 3 spell levels left.
You knew the following spells:

 Your Spells              Type           Power      Damage    Failure   Level
a - Foxfire               Conj/Fire      100%       2x1d9     1%          1
b - Shock                 Conj/Air       92%        1d8       2%          1
c - Magic Dart            Conj           100%       1d8       1%          1
d - Mephitic Cloud        Conj/Pois/Air  17%        N/A       13%         3
e - Flame Wave            Conj/Fire      31%        2d9       14%         4
f - Sticky Flame          Conj/Fire      31%        2d5       14%         4

Your spell library contained the following spells:

 Spells                   Type           Power      Damage    Failure   Level
 Sandblast                Erth           10%        2d5       12%         1
 Scorch                   Fire           40%        2d7       4%          2
 Sting                    Tmut/Pois      20%        1d4       12%         1
 Call Imp                 Summ           10%        N/A       19%         2
 Poisonous Vapours        Pois/Air       10%        N/A       19%         2
 Inner Flame              Hex/Fire       12%        N/A       19%         3
 Volatile Blastmotes      Fire/Tloc      24%        2d12      19%         3
 Olgreb's Toxic Radiance  Pois           5%         N/A       75%         4


Dungeon Overview and Level Annotations

Branches:
Dungeon (11/15)            Temple (1/1) D:6            Lair (0/5) D:9
  Sewer (visited)
    Orc: D:9-12

Altars:
Ashenzari
Cheibriados
Dithmenos
Elyvilon
Fedhas
Gozag
Hepliaklqana
Kikubaaqudgha
Makhleb
Nemelex Xobeh
Okawaru
Qazlal
Ru
Sif Muna
Trog
Uskayaw
Vehumet
Wu Jian
Xom
Yredelemnul
Zin
The Shining One

Annotations:
D:10 exclusion: ice statue
D:11 Urug


Innate Abilities, Weirdness & Mutations

You can spit globs of acid.
Your golden yellow scales are hard. (AC +7)
You cannot fit into any form of body armour.
You are cold-blooded and may be slowed by cold attacks.
You are resistant to acid. (rCorr)


Message History

Urug winks... or blinks.
Urug completely misses you.
The magic dart hits Urug but does no damage.
Urug is lightly wounded.
Urug misses you.
The magic dart hits Urug but does no damage.
Urug is lightly wounded.
Urug completely misses you.
The magic dart hits Urug.
Urug is lightly wounded.
Urug closely misses you.
The magic dart hits Urug.
Urug is lightly wounded.
You block Urug's attack.
The magic dart hits Urug but does no damage.
Urug is lightly wounded.
You block Urug's attack.
The magic dart hits Urug.
Urug is lightly wounded.
Urug hits you with a +5 eveningstar!!!
You hear a shout!
You feel much better. Urug barely misses you.
You barely miss Urug.
Urug is lightly wounded.
You block Urug's attack.
You hit Urug.
Your weapon exudes an aura of protection.
Urug is lightly wounded.
Urug hits you with a +5 eveningstar!
You barely miss Urug.
Urug is lightly wounded.
Urug hits you with a +5 eveningstar!!
A cyclops comes into view.
You feel much better. Urug barely misses you.
You closely miss Urug.
Urug is lightly wounded.
Urug hits you with a +5 eveningstar!!!
* * * LOW HITPOINT WARNING * * *
The cyclops throws a large rock.
The large rock hits you!
You die...

#....# ....#.
#....###..#...#
########....#..#...#.
..<....>.#+..#...#...#.
..[........#...#...#h..#
.............#...#...#?.
...........#...#...#...#
.........#...#...#...#
.........#.#...#@oc#
.<....?..#...#...#...#
.........#.#...#.. #...#
.........#...#...#. #..
##########.#...#...# #
#...#...#.. #.#...#...#C
. ..# .#


You could see Urug (strong), a cyclops and a centaur.

Vanquished Creatures
  2 two-headed ogres
  Pikel (D:8)
  Maggie (D:7)
  A komodo dragon (D:9)
  A shadow (D:11)
  3 wyverns
  3 vampire mosquitoes (D:10)
  3 steam dragons
  Edmund (D:6)
  An acid dragon (D:10)
  2 water moccasins
  A sky beast (D:7)
  2 ogres
  5 orc warriors
  2 black bears
  An ice beast (D:5)
  4 centaurs
  A lemure (D:8)
  2 kobold brigands
  5 bullfrogs
  3 killer bees (D:8)
  A lava snake (D:7)
  5 howler monkeys
  6 hounds
  3 jellies
  6 orc priests
  Ijyb (D:5)
  3 gnoll boudas
  2 sleepcaps
  10 orc wizards
  6 adders
  13 gnolls
  A shadow imp (D:7)
  An ufetubus (D:5)
  2 dart slugs
  42 orcs
  8 ball pythons
  5 bats
  9 endoplasms
  5 giant cockroaches
  10 goblins
  3 hobgoblins
  7 jackals
  3 quokkas
  3 frilled lizards
  17 kobolds
  5 rats
222 creatures vanquished.

Vanquished Creatures (collateral kills)
  3 foxfires (D:9)
3 creatures vanquished.

Vanquished Creatures (others)
  An orc (D:6)
  937 foxfires
938 creatures vanquished.

Grand Total: 1163 creatures vanquished

Notes
Turn   | Place    | Note
-------+----------+-------------------------------------------
     0 | D:1      | cheesebisquit the Draconian Fire Elementalist began the
                  | quest for the Orb.
     0 | D:1      | Reached XP level 1. HP: 14/14 MP: 3/3
   126 | D:1      | Reached XP level 2. HP: 20/20 MP: 0/5
   933 | D:1      | Reached XP level 3. HP: 27/27 MP: 4/6
  1112 | D:1      | Reached skill level 1 in Fighting
  2156 | D:3      | Found a faded altar of an unknown god.
  2250 | D:3      | Reached XP level 4. HP: 35/35 MP: 4/7
  2951 | D:3      | Found a snail-covered altar of Cheibriados.
  3747 | D:4      | Found a basalt altar of Yredelemnul.
  3784 | D:4      | Noticed a black bear
  3792 | D:4      | Killed a black bear
  3793 | D:4      | Reached skill level 2 in Fighting
  3793 | D:4      | Reached XP level 5. HP: 38/42 MP: 1/9
  4135 | D:4      | Found a glowing drain.
  4149 | Sewer    | Entered a sewer
  4232 | Sewer    | Noticed a water moccasin
  4242 | Sewer    | Killed a water moccasin
  4243 | Sewer    | Reached skill level 3 in Fighting
  4243 | Sewer    | Reached XP level 6. HP: 44/51 MP: 5/11
  5118 | D:4      | Your scales start taking on a golden yellow colour.
  5118 | D:4      | Reached XP level 7. HP: 58/58 MP: 10/12
  5118 | D:4      | Gained mutation: You are resistant to acid. (rCorr) [Yellow
                  | Draconian growth]
  5277 | D:5      | Entered Level 5 of the Dungeon
  5408 | D:5      | Reached skill level 4 in Fighting
  5524 | D:5      | Noticed Ijyb
  5525 | D:5      | Reached skill level 1 in Polearms
  5567 | D:5      | Killed Ijyb
  6123 | D:5      | Found a sacrificial altar of Ru.
  6599 | D:6      | Reached XP level 8. HP: 67/67 MP: 6/14
  6603 | D:6      | Reached skill level 5 in Stealth
  6617 | D:6      | Reached skill level 5 in Fighting
  6930 | D:6      | Found a staircase to the Ecumenical Temple.
  6958 | D:6      | Reached skill level 5 in Dodging
  7139 | D:6      | Found a sand-covered staircase.
  7185 | D:6      | Found Aguagomn's Magic Scroll Shop.
  7190 | Temple   | Entered the Ecumenical Temple
  7244 | Temple   | Became a worshipper of Vehumet
  7271 | D:6      | Found a hazy altar of Hepliaklqana.
  7429 | D:6      | Noticed Edmund
  7457 | D:6      | Killed Edmund
  7458 | D:6      | Reached skill level 6 in Fighting
  8189 | D:7      | Reached XP level 9. HP: 60/78 MP: 9/15
  8395 | D:7      | Noticed Maggie
  8465 | D:7      | Killed Maggie
  9080 | D:7      | Reached skill level 5 in Shields
  9506 | D:8      | Noticed Pikel
  9525 | D:8      | Killed Pikel
  9526 | D:8      | Reached skill level 7 in Fighting
  9526 | D:8      | Reached skill level 5 in Polearms
  9630 | D:8      | Reached * piety under Vehumet
  9630 | D:8      | Offered knowledge of Shock by Vehumet.
  9957 | D:8      | Noticed a two-headed ogre
  9974 | D:8      | Killed a two-headed ogre
  9975 | D:8      | Reached XP level 10. HP: 77/88 MP: 9/16
 10066 | D:8      | Reached skill level 8 in Fighting
 10397 | D:8      | Found a white marble altar of Elyvilon.
 10400 | D:8      | Found an iron altar of Okawaru.
 10400 | D:8      | Found a burning altar of Makhleb.
 10400 | D:8      | Found an ancient bone altar of Kikubaaqudgha.
 11452 | D:9      | Learned a level 1 spell: Shock
 11454 | D:9      | Learned a level 1 spell: Magic Dart
 11473 | D:9      | Learned a level 3 spell: Mephitic Cloud
 11478 | D:9      | Learned a level 4 spell: Flame Wave
 11483 | D:9      | Learned a level 4 spell: Sticky Flame
 11689 | D:9      | Found a staircase to the Lair.
 11986 | D:10     | Entered Level 10 of the Dungeon
 12025 | D:10     | Noticed a two-headed ogre
 12035 | D:10     | Killed a two-headed ogre
 12044 | D:10     | Reached skill level 5 in Conjurations
 12318 | D:10     | Reached ** piety under Vehumet
 12663 | D:10     | Noticed an ice statue
 12690 | D:10     | Offered knowledge of Sandblast by Vehumet.
 13058 | D:10     | Found a shadowy altar of Dithmenos.
 13824 | D:11     | Noticed Urug
 13846 | D:11     | Noticed a cyclops
 13848 | D:11     | Hit by a large rock thrown by a cyclops

Illustrated notes

Levels and vault maps discovered:
D:1:      elethiomel_arrival_quiet, layout_basic, minmay_misc_feat_five,
          minmay_octomino_j4
D:2:      layout_basic, minivault_11
D:3:      layout_basic, chei_slow_surprise, chequers_ecumenical_altar_island,
          kennysheep_generic_room_12
D:4:      layout_cave_pods, general_overflow_altar, portal_sewer_entry_d
D:5:      layout_loops_corners, nicolae_ru_the_path_less_chosen, uniq_ijyb
D:6:      layout_loops_ring, mainiacjoe_overflow_six_doors_small, temple_pool_b,
          serial_shops, shop, nicolae_ossuary_entry_false_entrances,
          item_on_display_a, uniq_edmund
D:7:      layout_loops_ring, minivault_24, kennysheep_dice, uniq_maggie
D:8:      layout_basic, grunt_temple_overflow_open, uniq_pikel
D:9:      layout_loops_corners, david_lair_shrubbed
D:10:     layout_cave_pods, lemuel_doored_altar, minivault_15
D:11:     layout_basic, orc_0_dummy, hex_large, minmay_misc_feat_alley,
          uniq_urug, uniq_grum, uniq_sonja
Temple:   cyrus_circular_temple

Skill      XL: |  1  2  3  4  5  6  7  8  9 10 |
---------------+-------------------------------+-----
Stealth        | 2 3 4 5 |  5.0
Dodging        | 2 3 4 5 7 |  7.3
Fighting       | 1 2 3 4 6 7 8 |  8.3
Spellcasting   | 3 4 |  4.0
Polearms       | 2 4 6 |  6.5
Shields        | 5 |  5.0
Conjurations   | 7 |  7.4
Fire Magic     | |  3.1

Action                     |  1- 3 |  4- 6 |  7- 9 | 10-12 || total
---------------------------+-------+-------+-------+-------++-------
  Melee: Unarmed           |    17 |    16 |    16 |       ||    49
         Tailslap          |     8 |     2 |    31 |    19 ||    60
         Dagger            |    19 |       |       |       ||    19
         Trident           |     1 |    36 |   244 |   133 ||   414
         Punch             |       |       |     3 |       ||     3
   Cast: Foxfire           |    71 |    92 |   237 |   140 ||   540
         Magic Dart        |       |       |       |    56 ||    56
Ability: Breathe Acid      |       |       |       |     1 ||     1
  Evoke: Wand              |       |       |     3 |       ||     3
    Use: Potion            |     1 |     3 |     2 |     3 ||     9
         Scroll            |       |       |    19 |     2 ||    21
   Stab: Sleeping          |       |     1 |     1 |       ||     2
 Armour: Skin              |    13 |    67 |   166 |    60 ||   306
  Dodge: Dodged            |    34 |    44 |   366 |   253 ||   697
  Block: Buckler           |       |       |    26 |    63 ||    89
